 Dungeon Crawl Stone Soup version 0.26-a0-812-g31a745ddcd (webtiles) character file.

Game seed: 6204698922690783627

3656 Arthanis the Cleaver (level 10, -10/65 HPs)
             Began as a Gargoyle Berserker on Nov 15, 2020.
             Was an Elder of Trog.
             Mangled by an orange demon (12 damage)
             ... summoned by a kobold demonologist
             ... on level 8 of the Dungeon.
             The game lasted 00:06:48 (6994 turns).

Arthanis the Cleaver (Gargoyle Berserker)           Turns: 6994, Time: 00:06:49

Health: -10/65     AC:  1    Str: 22    XL:     10   Next: 12%
Magic:  10/10      EV:  7    Int: 10    God:    Trog [****..]
Gold:   370        SH: 10    Dex: 15    Spells: 9/9 levels left

rFire    . . .     SeeInvis .   p - +0 broad axe
rCold    . . .     Faith    .   d - +0 buckler
rNeg     + . .     Spirit   .   G - +0 plate armour
rPois    ∞         Reflect  +   (no helmet)
rElec    +         Harm     .   (no cloak)
rCorr    .         Rampage  .   (no gloves)
MR       ++...                  q - +0 pair of boots
Stlth    ..........             r - amulet of reflection
HPRegen  1.20/turn              x - +4 ring of protection
MPRegen  0.12/turn              H - +6 ring of dexterity

@: corroded, berserk cooldown, regenerating, slowed, very slow
A: negative energy resistance 1, electricity resistance, unbreathing,
petrification resistance, rot immunity, AC +7
a: Berserk, Trog's Hand, Brothers in Arms, Renounce Religion


You were on level 8 of the Dungeon.
You worshipped Trog.
Trog was greatly pleased with you.
You visited 1 branch of the dungeon, and saw 8 of its levels.

You collected 455 gold pieces.
You spent 85 gold pieces at shops.

Inventory:

Hand Weapons
 a - a +0 hand axe
 p - a +0 broad axe (weapon)
 F - a +0 spear
 J - a +2 battleaxe
Armour
 d - a +0 buckler (worn)
 q - a +0 pair of boots (worn)
 G - a +0 plate armour (worn)
Jewellery
 b - an uncursed amulet of faith {unknown}
 r - an amulet of reflection (around neck)
 s - an uncursed amulet of guardian spirit {unknown}
 x - a +4 ring of protection (left hand)
 H - a +6 ring of dexterity (right hand)
Wands
 y - a wand of iceblast (9)
 B - a wand of digging (11)
Scrolls
 e - 6 scrolls of remove curse {unknown}
 h - 2 scrolls of random uselessness {unknown}
 i - 5 scrolls of identify {unknown}
 j - 2 scrolls of amnesia {unknown}
 l - 2 scrolls of fog {unknown}
 m - 2 scrolls of enchant weapon {unknown}
 o - 5 scrolls of magic mapping {unknown}
 t - a scroll of fear {unknown}
 z - 2 scrolls of immolation {unknown}
 D - 2 scrolls of teleportation {unknown}
 I - a scroll of holy word {unknown}
Potions
 c - 6 potions of curing {unknown}
 f - 3 potions of heal wounds {unknown}
 g - 2 potions of ambrosia {unknown}
 k - 2 potions of brilliance {unknown}
 n - a potion of invisibility {unknown}
 u - 3 potions of magic {unknown}
 v - a potion of cancellation {unknown}
 w - a potion of degeneration {unknown}
 C - 3 potions of lignification {unknown}
 E - 2 potions of attraction {unknown}


   Skills:
 + Level 8.6 Fighting
 * Level 9.9 Axes
 - Level 6.0 Armour
 - Level 2.0 Dodging
 - Level 4.0 Shields


You had 9 spell levels left.
You didn't know any spells.
Your spell library was empty.

Dungeon Overview and Level Annotations

Branches:
Dungeon (8/15)             Temple (0/1) D:5
   Lair: D:8-11

Altars:
Cheibriados
Dithmenos
Kikubaaqudgha
Qazlal
Sif Muna
Uskayaw
Xom
The Shining One

Shops:
D:7 [


Innate Abilities, Weirdness & Mutations

You are resistant to torment.
Your stone body is resilient. (AC +7)
You are immune to poison.
You resist negative energy. (rN+)
You are resistant to electric shocks. (rElec)
You can survive without breathing.
You are immune to petrification.
You are immune to rotting.


Message History

You hit the orange demon.
You are no longer berserk.
You are exhausted.
You feel yourself slow down.
The kobold demonologist hits you with a +0 dagger.
The rust devil barely misses you. You block the orange demon's attack.
The orange demon hits you!
* * * LOW HITPOINT WARNING * * *
You hit the kobold demonologist but do no damage.
The kobold demonologist is severely wounded.
You barely miss the orange demon.
You hit the rust devil but do no damage.
You closely miss the iron imp.
The kobold demonologist begins to cast a cantrip, but forgets the words!
The rust devil hits you!
* * * LOW HITPOINT WARNING * * *
The rust devil corrodes you! The iron imp hits you.
* * * LOW HITPOINT WARNING * * *
The orange demon stings you!
You die...

....... #..(.).......
#....... #)))...###+##
#.......####(#####....##
#......##.....(.#......#
#......#.......##......#
#....8#......8#........
##.....)(......'....÷÷÷$
.......()......'4...÷_∩.
......())......4@...÷÷÷.
...(..8#......8#K5......
..)....#.......##......#
#####..##.......#......#
........####+#####....##
..........# ##+##
..........# ..........#
..........######


You could see an orange demon (summoned), a rust devil (summoned), a kobold
demonologist and an iron imp (summoned).

Vanquished Creatures
  Pikel (D:7)
  Joseph (D:7)
  Edmund (D:4)
  A water moccasin (D:7)
  A black bear (D:7)
  An ice beast (D:7)
  A sky beast (D:6)
  2 ogres
  2 centaurs
  6 big kobolds (D:8)
  A bullfrog (D:6)
  3 scorpions
  5 killer bees (D:7)
  4 wights (D:7)
  A howler monkey (D:4)
  2 bullfrog skeletons
  2 jellies
  2 centaur skeletons
  An orc priest (D:3)
  4 hounds (D:7)
  A gnoll shaman (D:6)
  Jessica (D:2)
  2 iguanas
  4 orc wizards
  6 worker ants
  A hound zombie (D:7)
  2 hound skeletons
  5 gnolls
  A howler monkey skeleton (D:4)
  10 adders
  2 shadow imps (D:8)
  3 ufetubi (D:5)
  A worm (D:5)
  5 dart slugs
  4 leopard geckos
  13 orcs
  8 bats
  2 giant cockroaches
  5 goblins
  6 hobgoblins
  7 jackals
  A quokka (D:3)
  3 ball pythons
  6 frilled lizards
  A jackal skeleton (D:4)
  20 kobolds
  8 kobold skeletons (D:8)
  10 kobold zombies (D:8)
  5 rats
185 creatures vanquished.

Vanquished Creatures (others)
  A kobold (D:8)
1 creature vanquished.

Grand Total: 186 creatures vanquished

Notes
Turn   | Place    | Note
-------+----------+-------------------------------------------
     0 | D:1      | Arthanis the Gargoyle Berserker began the quest for the
                  | Orb.
     0 | D:1      | Reached XP level 1. HP: 14/14 MP: 1/1
   319 | D:1      | Reached XP level 2. HP: 14/19 MP: 2/2
   322 | D:1      | Reached skill level 3 in Axes
   570 | D:1      | Reached XP level 3. HP: 19/23 MP: 3/3
   869 | D:2      | Reached skill level 1 in Shields
  1306 | D:2      | Noticed Jessica
  1310 | D:2      | Killed Jessica
  1310 | D:2      | Reached XP level 4. HP: 29/29 MP: 4/4
  1404 | D:2      | Reached ** piety under Trog
  1947 | D:3      | Reached XP level 5. HP: 18/33 MP: 5/5
  2369 | D:3      | Found a stormy altar of Qazlal.
  2456 | D:3      | Reached skill level 4 in Axes
  2826 | D:4      | Reached XP level 6. HP: 30/39 MP: 6/6
  3196 | D:4      | Reached XP level 7. HP: 44/44 MP: 7/7
  3202 | D:4      | Reached skill level 5 in Axes
  3242 | D:4      | Reached *** piety under Trog
  3559 | D:4      | Noticed Edmund
  3574 | D:4      | Killed Edmund
  3574 | D:4      | Reached skill level 5 in Fighting
  3622 | D:4      | Found a glowing golden altar of the Shining One.
  3804 | D:5      | Entered Level 5 of the Dungeon
  3895 | D:5      | Found a shimmering altar of Xom.
  4109 | D:5      | Found a staircase to the Ecumenical Temple.
  4170 | D:5      | Reached XP level 8. HP: 47/49 MP: 8/8
  4195 | D:5      | Found a hide-covered altar of Uskayaw.
  4722 | D:6      | Found a hide-covered altar of Uskayaw.
  4725 | D:6      | Found a snail-covered altar of Cheibriados.
  4728 | D:6      | Found a shimmering blue altar of Sif Muna.
  4731 | D:6      | Found a shadowy altar of Dithmenos.
  4910 | D:6      | Reached skill level 6 in Axes
  4963 | D:6      | Reached skill level 5 in Armour
  5704 | D:7      | Reached skill level 7 in Axes
  5768 | D:7      | Reached XP level 9. HP: 56/56 MP: 9/9
  6088 | D:7      | Found Pigues's Antique Armour Emporium.
  6107 | D:7      | Bought a pair of boots for 85 gold pieces
  6146 | D:7      | Noticed Joseph
  6165 | D:7      | Killed Joseph
  6165 | D:7      | Reached skill level 8 in Axes
  6401 | D:7      | Noticed Pikel
  6415 | D:7      | Killed Pikel
  6415 | D:7      | Reached **** piety under Trog
  6415 | D:7      | Reached skill level 9 in Axes
  6883 | D:8      | Reached XP level 10. HP: 64/64 MP: 10/10
  6968 | D:8      | Found an ancient bone altar of Kikubaaqudgha.
  6968 | D:8      | Noticed a kobold demonologist
  6971 | D:8      | Noticed a rust devil
  6990 | D:8      | Noticed an orange demon
  6994 | D:8      | HP: 2/65 [iron imp[a kobold demonologist] (6)]
  6994 | D:8      | Mangled by an orange demon

Illustrated notes

Levels and vault maps discovered:
D:1:      eino_arrival_druids_welcome, layout_rooms
D:2:      layout_basic, uniq_jessica
D:3:      layout_rooms, nicolae_qazlal_eye_of_the_storm
D:4:      layout_basic, kennysheep_mini, uniq_edmund
D:5:      layout_loops_ring, temple_doors_cd, basic_altar, tgw_xom
D:6:      layout_basic, grunt_temple_overflow_cloverleaf, serial_rivers,
          chequers_serial_rivers_room_a, chequers_serial_rivers_micro_c,
          chequers_serial_rivers_small_a, chequers_serial_rivers_micro_b,
          chequers_serial_rivers_micro_b, chequers_serial_rivers_micro_b
D:7:      layout_loops_corners, serial_shops, shop, uniq_pikel, uniq_joseph
D:8:      wander_kiku_kobolds, layout_gridville, serial_undead, serial_undead_d,
          serial_undead_f, serial_undead_b, serial_undead_c

Skill      XL: |  1  2  3  4  5  6  7  8  9 |
---------------+----------------------------+-----
Axes           | 3 4 5 7 9 |  9.9
Shields        | 1 2 3 4 |  4.0
Dodging        | 2 |  2.0
Armour         | 3 4 6 |  6.0
Fighting       | 4 5 6 8 |  8.6

Action                   |  1- 3 |  4- 6 |  7- 9 | 10-12 || total
-------------------------+-------+-------+-------+-------++-------
Melee: Hand axe          |    70 |   240 |   444 |       ||   754
       Broad axe         |       |       |    19 |    48 ||    67
Invok: Berserk           |     4 |     2 |     6 |     1 ||    13
       Trog's Hand       |       |       |       |     1 ||     1
 Stab: Sleeping          |     2 |       |       |       ||     2
Armor: Animal skin       |    32 |    29 |       |       ||    61
       Chain mail        |       |    78 |   144 |       ||   222
       Plate armour      |       |       |    92 |    57 ||   149
Dodge: Dodged            |    46 |   117 |   126 |    24 ||   313
Block: Buckler           |     5 |    71 |   204 |    60 ||   340
       Reflection        |       |       |     2 |     8 ||    10

Table legend: (Time is in decaauts)
 A = Elapsed time spent in this place.
 B = Non-inter-level travel time spent in this place.
 C = Inter-level travel time spent in this place.
 D = Time resting spent in this place.
 E = Time spent auto-exploring this place.
 F = Levels seen in this place.
 G = Mean time per level.
                   A        B        C        D        E       F      G
               +--------+--------+--------+--------+--------+-----+--------+
         Total |   7137 |   6925 |    212 |      0 |   5572 |   8 |  892.1 |
       Dungeon |   7137 |   6925 |    212 |      0 |   5572 |   8 |  892.1 |
               +--------+--------+--------+--------+--------+-----+--------+

Top non-repeatable levels by time:
     D:7: 1283 daAuts
     D:4: 1182 daAuts
     D:2: 995 daAuts
     D:6: 979 daAuts
     D:1: 891 daAuts
     D:3: 837 daAuts
     D:5: 828 daAuts
     D:8: 139 daAuts
